 Dungeon Crawl Stone Soup version 0.28-a0-674-gdaf460b524 (webtiles) character file.

Game seed: 3892610730070294379

2712 avis the Ruffian (level 9, 0/70 (79) HPs)
             Began as a Hill Orc Transmuter on Oct 18, 2021.
             Was a Follower of Beogh.
             Killed from afar by Maggie (20 damage)
             ... with a bolt of fire
             ... on level 7 of the Dungeon.
             The game lasted 00:41:28 (8338 turns).

avis the Ruffian (Hill Orc Transmuter)              Turns: 8338, Time: 00:41:28

HP:   0/70 (79)     AC:  2    Str: 15    XL:     9   Next: 66%
MP:   14/14         EV: 19    Int: 14    God:    Beogh [*.....]
Gold: 245           SH:  0    Dex: 16    Spells: 2/12 levels left

rFire   . . .      SeeInvis .     - Unarmed
rCold   . . .      Faith    .   (shield currently unavailable)
rNeg    . . .      Spirit   .   (armour currently unavailable)
rPois   x          Reflect  .   (helmet currently unavailable)
rElec   .          Harm     .   (cloak currently unavailable)
rCorr   .          Rampage  .   (gloves currently unavailable)
Will    .....                   (boots currently unavailable)
Stlth   +.........              (no amulet)
HPRegen 0.21/turn               (no ring)
MPRegen 0.14/turn               (no ring)

@: spider-form (expiring), mesmerised, heavily drained
A: venomous fangs, tiny
a: End Transformation, Renounce Religion


You were on level 7 of the Dungeon.
You worshipped Beogh.
Beogh was aware of your devotion.
You were a venomous arachnid creature.
You visited 2 branches of the dungeon, and saw 8 of its levels.

You collected 245 gold pieces.

Inventory:

Missiles
 b - 9 sling bullets
 k - 51 poisoned darts
 D - 5 boomerangs
 U - a curare-tipped dart
Armour
 a - a +0 robe (melded)
 v - a +2 pair of gloves (melded)
 G - a +0 helmet (melded)
 P - a +1 cloak (melded)
Jewellery
 z - a ring of protection from fire
 T - a ring of ice
Wands
 n - a wand of digging (5)
 I - a wand of paralysis (13)
Scrolls
 c - a scroll of noise {unknown}
 d - 2 scrolls of magic mapping {unknown}
 p - 2 scrolls of acquirement {unknown}
 s - 5 scrolls of teleportation {unknown}
 u - 3 scrolls of enchant armour {unknown}
 H - 2 scrolls of blinking {unknown}
 S - a scroll of fog {unknown}
Potions
 g - a potion of lignification
 h - 3 potions of curing
 i - a potion of ambrosia
 l - a potion of magic
 q - 2 potions of berserk rage
 w - a potion of might
 F - a potion of flight {unknown}
 R - 2 potions of invisibility
 V - a potion of cancellation {unknown}


   Skills:
 - Level 7.0 Fighting
 - Level 2.0 Dodging
 - Level 7.0 Unarmed Combat
 - Level 2.0 Spellcasting
 * Level 4.9 Transmutations
 - Level 4.0 Ice Magic
 - Level 2.0 Poison Magic
 - Level 7.0 Invocations


You had 2 spell levels left.
You knew the following spells:

 Your Spells              Type           Power      Damage    Failure   Level
a - Beastly Appendage     Tmut           30%        N/A       11%         1
b - Blink                 Tloc           N/A        N/A       56%         2
p - Spider Form           Tmut/Pois      5%         N/A       36%         3
q - Ice Form              Ice/Tmut       13%        N/A       58%         4

Your spell library contained the following spells:

 Spells                   Type           Power      Damage    Failure   Level
 Wereblood                Tmut           15%        N/A       14%         2
 Ensorcelled Hibernation  Hex/Ice        14%        N/A       34%         2
 Static Discharge         Conj/Air       1%         N/A       56%         2
 Dazzling Flash           Conj/Hex       2%         N/A       77%         3
 Lesser Beckoning         Tloc           1%         N/A       77%         3
 Tukima's Dance           Hex            1%         N/A       77%         3
 Dispel Undead            Necr           1%         3d6       98%         4
 Iskenderun's Mystic Bla  Conj/Tloc      1%         2d3       98%         4
 Sticky Flame             Conj/Fire      1%         2d3       98%         4
 Manifold Assault         Tloc           1%         N/A       100%        5
 Starburst                Conj/Fire      0%         6d3       100%        6


Dungeon Overview and Level Annotations

Branches:
Dungeon (7/15)             Temple (1/1) D:6

Altars:
Ru
Wu Jian
The Shining One

Shops:
D:6 !

Annotations:
D:7 Maggie


Message History

You bump into the rock wall.
You feel less invigorated.
You feel less confused. Maggie closely misses you.
You hit Maggie.
Maggie is severely wounded.
Maggie misses you.
You completely miss Maggie.
Maggie is severely wounded.
Your transformation is almost over.
Maggie completely misses you.
You hit Maggie but do no damage.
Maggie is severely wounded.
Maggie barely misses you.
You barely miss Maggie.
Maggie is severely wounded.
Maggie says, "Fear not.
I will immortalize you in the tale of my first kill."
Maggie gestures at you while chanting. The bolt of fire hits you!
* * * LOW HITPOINT WARNING * * *
You hit Maggie but do no damage.
Maggie is severely wounded.
Maggie casts a spell at you. The bolt of fire misses you.
You hit Maggie but do no damage.
Maggie is severely wounded.
You barely miss Maggie.
Maggie is severely wounded.
Maggie gestures wildly while chanting.
Maggie draws you further into her thrall.
You hit Maggie.
Maggie is severely wounded.
Maggie misses you.
You hit Maggie.
Maggie is severely wounded.
Maggie barely misses you.
You hit Maggie but do no damage.
Maggie is poisoned.
Maggie is severely wounded.
Maggie gestures at you while chanting. The bolt of fire hits you!!
You die...

.....### .#
......##. #
##.##.....#. #.
.. .....^.
.##.##.# .....
......## ... #
##.....###)#
...
#.##.......##@#
###
...........s.#
#.......####
###...>.##
#........#
#†###.##.# #.#
#.# .# #.# #.#
.# #.# #.# .#
#######.###.#
.#


You could see Maggie (mesmerising, very poisoned).

Vanquished Creatures
  A cyclops (D:6)
  A gargoyle (D:7)
  A water moccasin (D:5)
  2 orc warriors
  2 black bears (D:4)
  2 necrophages
  2 ogres
  A kobold brigand (D:6)
  A phantom (D:5)
  Blork the orc (D:6)
  2 scorpions
  A bullfrog (D:5)
  A wyvern zombie (D:5)
  2 howler monkeys (D:4)
  A bullfrog zombie (D:5)
  2 hounds (D:4)
  2 jellies
  2 orc priests
  2 bullfrog skeletons
  Crazy Yiuf (D:6)
  Jessica (D:2)
  A centaur skeleton (D:7)
  An iguana (D:5)
  4 orc wizards
  Robin (D:4)
  3 gnolls (D:5)
  9 adders
  2 worms
  3 dart slugs
  25 orcs
  6 ball pythons
  2 bats (D:1)
  7 endoplasms
  7 giant cockroaches
  17 goblins
  10 hobgoblins
  4 jackals
  4 quokkas
  6 frilled lizards
  13 kobolds
  2 rats (D:1)
158 creatures vanquished.

Notes
Turn   | Place    | Note
-------+----------+-------------------------------------------
     0 | D:1      | avis the Hill Orc Transmuter began the quest for the Orb.
     0 | D:1      | Reached XP level 1. HP: 16/16 MP: 3/3
   141 | D:1      | Reached XP level 2. HP: 20/23 MP: 2/4
   499 | D:1      | Reached XP level 3. HP: 30/30 MP: 3/5
   517 | D:1      | Learned a level 3 spell: Spider Form
   947 | D:1      | Found a faded altar of an unknown god.
  1363 | D:2      | Noticed Jessica
  1385 | D:2      | Killed Jessica
  1386 | D:2      | Reached skill level 5 in Unarmed Combat
  1386 | D:2      | Reached XP level 4. HP: 24/38 MP: 4/6
  2206 | D:3      | Reached XP level 5. HP: 41/45 MP: 5/7
  2694 | D:3      | Reached skill level 1 in Poison Magic
  3455 | D:4      | Reached XP level 6. HP: 42/51 MP: 8/8
  3509 | D:4      | Noticed Robin
  3528 | D:4      | Killed Robin
  3882 | D:3      | Learned a level 4 spell: Ice Form
  3934 | D:4      | Found a sacrificial altar of Ru.
  3949 | D:4      | Noticed a black bear
  3964 | D:4      | Killed a black bear
  3965 | D:4      | Reached XP level 7. HP: 37/58 MP: 3/9
  4233 | D:4      | Found a glowing golden altar of the Shining One.
  4501 | D:4      | Reached skill level 5 in Fighting
  4859 | D:5      | Entered Level 5 of the Dungeon
  5295 | D:5      | Reached XP level 8. HP: 30/68 MP: 5/11
  5676 | D:5      | Became a worshipper of Beogh the Brigand
  5852 | D:5      | Learned a level 2 spell: Blink
  6000 | D:5      | Reached skill level 1 in Invocations
  6661 | D:6      | Found a runed translucent door.
  6662 | D:6      | Noticed Crazy Yiuf
  6735 | D:6      | Killed Crazy Yiuf
  6768 | D:6      | Noticed a cyclops
  7062 | D:6      | Killed a cyclops
  7063 | D:6      | Reached XP level 9. HP: 74/74 MP: 9/13
  7141 | D:6      | Found a staircase to the Ecumenical Temple.
  7167 | D:6      | Found Epruanty's Distillery.
  7208 | D:6      | Found an ornate altar of the Wu Jian Council.
  7217 | D:6      | Noticed a spectral centipede
  7405 | D:6      | Noticed Blork the orc
  7423 | D:6      | Killed Blork the orc
  7433 | D:6      | Reached * piety under Beogh
  7982 | Temple   | Entered the Ecumenical Temple
  8091 | D:7      | Noticed a gargoyle
  8243 | D:7      | Killed a gargoyle
  8293 | D:7      | Noticed Maggie
  8338 | D:7      | Killed from afar by Maggie

Illustrated notes

Levels and vault maps discovered:
D:1:      dpeg_arrival_rooms_b, layout_loops_cross,
          shapermc_ecumenical_altar_mp_vishouse, st_stairs_10
D:2:      layout_basic, hangedman_abyss_or_decor_lesser_grid, uniq_jessica
D:3:      layout_loops_ring, serial_bayou_pond_e
D:4:      layout_cave_pools, kennysheep_mini, mainiacjoe_overflow_alcove_4,
          amethyst_killhole, grunt_tough_drop, uniq_robin
D:5:      layout_basic, serial_rivers, chequers_serial_rivers_marsh,
          chequers_serial_rivers_large_b, chequers_serial_rivers_room_a,
          chequers_serial_rivers_small_a, chequers_serial_rivers_small_a
D:6:      layout_rooms, pdpol_wu_jian_five_deadly_venoms,
          minmay_temple_entry_offerings, serial_shops, shop_statue,
          feat_on_display, uniq_crazy_yiuf_cottage, uniq_blork_the_orc
D:7:      layout_loops_ring, uniq_maggie
Temple:   dpeg_five_rooms_temple

Skill      XL: |  1  2  3  4  5  6  7  8  9 |
---------------+----------------------------+-----
Unarmed Combat | 4 5 6 7 |  7.0
Fighting       | 2 3 5 7 |  7.0
Transmutations | 2 3 4 |  4.9
Poison Magic   | 1 2 |  2.0
Spellcasting   | 2 |  2.0
Dodging        | 2 |  2.0
Ice Magic      | 2 4 |  4.0
Invocations    | 6 7 |  7.0

Action                   |  1- 3 |  4- 6 |  7- 9 || total
-------------------------+-------+-------+-------++-------
Melee: Unarmed           |    77 |    25 |   232 ||   334
       Kick              |    17 |    31 |     5 ||    53
       Headbutt          |     9 |    18 |     1 ||    28
       Punch             |     1 |     1 |       ||     2
       Dagger            |       |   164 |    20 ||   184
 Cast: Beastly Appendage |    29 |    32 |     6 ||    67
       Spider Form       |       |     7 |    38 ||    45
       Ice Form          |       |       |     1 ||     1
Invok: Convert to Beogh  |       |       |     1 ||     1
  Use: Scroll            |       |       |     5 ||     5
       Potion            |       |       |     1 ||     1
 Stab: Sleeping          |       |       |     1 ||     1
Armor: Robe              |     8 |    31 |     7 ||    46
       Skin              |       |     1 |    13 ||    14
Dodge: Dodged            |    37 |    90 |   191 ||   318

Table legend: (Time is in decaauts)
 A = Elapsed time spent in this place.
 B = Non-inter-level travel time spent in this place.
 C = Inter-level travel time spent in this place.
 D = Time resting spent in this place.
 E = Time spent auto-exploring this place.
 F = Levels seen in this place.
 G = Mean time per level.
                   A        B        C        D        E       F      G
               +--------+--------+--------+--------+--------+-----+--------+
         Total |   8309 |   7606 |    703 |   2928 |   2783 |   8 | 1038.6 |
       Dungeon |   8280 |   7577 |    703 |   2928 |   2783 |   7 | 1182.9 |
        Temple |     29 |     29 |      0 |      0 |      0 |   1 |   29.0 |
               +--------+--------+--------+--------+--------+-----+--------+

Top non-repeatable levels by time:
     D:5: 1682 daAuts
     D:4: 1574 daAuts
     D:3: 1554 daAuts
     D:6: 1300 daAuts
     D:1: 1170 daAuts
     D:2: 886 daAuts
     D:7: 111 daAuts
  Temple: 29 daAuts
